 Dungeon Crawl Stone Soup version 0.31.0-32-g396128a36d (webtiles) character file.

Game seed: 8175759247973462736

54 PaiMei the Grave Robber (level 3, -19/26 HPs)
             Began as a Demonspawn Necromancer on Apr 2, 2024.
             Killed by an exploding kobold brigand (24 damage)
             ... ignited by their inner flame
             ... in a sewer.
             The game lasted 00:05:58 (2703 turns).

PaiMei the Grave Robber (Demonspawn Necromancer)    Turns: 2703, Time: 00:05:58

Health: -19/26     AC:  7    Str:  6 (8)  XL:     3   Next: 66%
Magic:  3/6        EV:  8    Int: 16 (17) God:
Gold:   70         SH:  7    Dex: 12 (13) Spells: 2/6 levels left

rFire   . . .        d - +0 hand axe
rCold   . . .        o - +0 kite shield
rNeg    . . .        a - +0 robe
rPois   .            q - +0 helmet
rElec   .            (no cloak)
rCorr   .            (no gloves)
SInv    .            (no boots)
Will    .....        p - amulet of regeneration
Stlth   ++           n - +4 ring of protection
HPRegen 1.04/turn    (no ring)
MPRegen 0.10/turn

%: no passive effects
@: mighty
A: sturdy frame 1
a: no special abilities


You were in a sewer.
You visited 1 branch of the dungeon, and saw 3 of its levels.
You also visited: Sewer.

You collected 70 gold pieces.

Inventory:

Hand Weapons
 d - a +0 hand axe (weapon)
Armour
 a - a +0 robe (worn)
 o - a +0 kite shield (worn)
 q - a +0 helmet (worn)
Jewellery
 n - a +4 ring of protection (left hand)
 p - an amulet of regeneration (around neck)
Scrolls
 h - a scroll of enchant weapon {unknown}
 i - a scroll of immolation
 m - a scroll of amnesia {unknown}
 r - a scroll of poison {unknown}
 s - a scroll of noise {unknown}
 t - a scroll of identify {unknown}
Potions
 b - a potion of magic
 f - a potion of brilliance {unknown}
 k - 5 potions of ambrosia


   Skills:
 + Level 1.1 Fighting
 + Level 2.3 Dodging
 - Level 2.0 Stealth
 + Level 2.4 Spellcasting
 + Level 4.8 Necromancy


You had 2 spell levels left.
You knew the following spells:

 Your Spells              Type           Power      Damage    Failure   Level
a - Necrotise             Necr           68%        1d7       26%         1
b - Vampiric Draining     Necr           17%        2d7       63%         3

Your spell library contained the following spells:

 Spells                   Type           Power      Damage    Failure   Level
 Ensorcelled Hibernation  Hex/Ice        2%         N/A       97%         2
 Fugue of the Fallen      Necr           17%        N/A       63%         3
 Animate Dead             Necr           17%        N/A       95%         4
 Inner Flame              Hex/Fire       1%         N/A       99%         3
 Anguish                  Hex/Necr       4%         N/A       100%        4
 Curse of Agony           Necr           17%        N/A       100%        5
 Irradiate                Conj/Alch      0%         3d11      100%        5
 Ignition                 Fire           0%         3d3       100%        8


Dungeon Overview and Level Annotations

Branches:
Dungeon (3/15)              Sewer (1/1)

Altars:
Nemelex Xobeh

Shops:
D:1 =


Innate Abilities, Weirdness & Mutations

Your movements are slightly less encumbered by armour. (ER -2)


Message History

You closely miss the kobold brigand. x2
The kobold brigand splashes around in the water.
The kobold brigand hits you with a +0 club.
The kobold brigand hits you but does no damage.
The kobold brigand splashes around in the water.
You barely miss the kobold brigand. You slash the kobold brigand!
Flame seeps out of the kobold brigand.
The kobold brigand splashes around in the water.
You block the kobold brigand's attack.
The kobold brigand hits you with a +0 short sword!
* * * LOW HITPOINT WARNING * * *
You feel much better.
You block the kobold brigand's attack. x2
You hit the kobold brigand.
Flame seeps out of the kobold brigand.
The kobold brigand is lightly wounded.
You barely miss the kobold brigand.
The kobold brigand is engulfed in blazing flames.
Flame seeps out of the kobold brigand.
The kobold brigand hits you with a +0 club.
The kobold brigand splashes around in the water.
The kobold brigand is engulfed in blazing flames.
Flame seeps out of the kobold brigand.
The kobold brigand barely misses you.
Casting: Necrotise (safe; 26% risk of failure)
Confirm with . or Enter, or press ? or * to list all spells.
Aiming: Necrotise (safe; 26% risk of failure)
Press: ? - help, Shift-Dir - straight line, f/p - kobold brigand
Aim: a kobold brigand, wielding a +0 short sword and quivering curare-tipped darts (blue smoke, heavily wounded, inner flame, chance to affect: 75%)
The kobold brigand writhes in agony.
Flame seeps out of the kobold brigand.
The kobold brigand hits you but does no damage.
The kobold brigand is engulfed in blazing flames.
You hear a splash. x2
The kobold brigand explodes!
The fiery explosion engulfs you!!
Ouch! That really hurt!
* * * LOW HITPOINT WARNING * * *
The fiery explosion engulfs the kobold brigand!!
You hear a splash. x2
The kobold brigand explodes!
The fiery explosion engulfs you!!
Ouch! That really hurt!
You die...

#~# ##~############
##~############
##~############
##~############
##~############*
##~##########..**
##~#########..~,**
#######~~~~§§@°§.#.~≈~,*
####.......~.~§~§§§.#..~,,*
≈≈≈~~~~≈~~~~~~~≈§≈§.#...,,*
≈≈≈≈≈≈≈≈≈≈≈≈≈≈≈≈§≈~~....,,*
≈≈~~~~~~~~~~~~~≈≈≈~~#...,,*
####.....~~~~.~~~~~.#....,**
###.###.~.....~..##.##*,*
#∩# ###############*,** ###
***,,*


There were no monsters in sight!

Vanquished Creatures
  2 kobold brigands (Sewer)
  A dart slug (D:1)
  3 ribbon worms
  2 endoplasms
  A giant cockroach (D:1)
  4 goblins
  6 hobgoblins
  A jackal (Sewer)
  5 kobolds
  2 quokkas (D:1)
  3 ball pythons
  5 bats
  A frilled lizard (D:3)
  6 rats
42 creatures vanquished.

Vanquished Creatures (collateral kills)
  A dart slug (D:2)
1 creature vanquished.

Grand Total: 43 creatures vanquished

Notes
Turn   | Place    | Note
-------+----------+-------------------------------------------
     0 | D:1      | PaiMei the Demonspawn Necromancer began the quest for the
                  | Orb.
     0 | D:1      | Reached XP level 1. HP: 13/13 MP: 3/3
   185 | D:1      | Gained mutation: Your movements are slightly less
                  | encumbered by armour. (ER -2) [demonic ancestry]
   185 | D:1      | Reached XP level 2. HP: 9/19 MP: 0/5
   481 | D:1      | Found Ymmi's One-of-a-Kind Rings.
   746 | D:1      | Found a faded altar of an unknown god.
  1382 | D:2      | Reached XP level 3. HP: 21/25 MP: 0/6
  2035 | D:2      | Reached skill level 1 in Fighting
  2494 | D:3      | Found a sparkling altar of Nemelex Xobeh.
  2568 | D:3      | Found a glowing drain.
  2580 | Sewer    | Entered a sewer
  2593 | Sewer    | Learned a level 3 spell: Vampiric Draining
  2676 | Sewer    | Noticed a kobold brigand
  2676 | Sewer    | Noticed a kobold brigand
  2703 | Sewer    | Killed a kobold brigand
  2703 | Sewer    | Killed a kobold brigand
  2703 | Sewer    | Killed by an exploding kobold brigand... ignited by their
                  | inner flame

Illustrated notes

Levels and vault maps discovered:
D:1:      dpeg_arrival_morbid_curiosity, layout_loops_ring,
          chequers_ecumenical_altar_twisty, nicolae_shop_unique_rings
D:2:      layout_basic, grunt_ministairs_8
D:3:      layout_basic, mainiacjoe_overflow_brackets,
          gammafunk_temple_overflow_statue, serial_co_window_serial,
          co_window_paths_a, co_window_paths_a, co_window_corner_a,
          co_window_corner_a, co_window_of_opportunity_a,
          co_window_of_opportunity_a, co_window_corner_a,
          co_window_unsneaky_path_c, co_window_unsneaky_path_a,
          co_window_paths_c, co_window_corner_b, co_window_broadway_b,
          co_window_paths_e, glass_columns_b, glass_columns_b, glass_columns_c,
          glass_columns_a, serial_shops, nicolae_shop_behind_doors,
          mainiacjoe_sewer_entry_somewhere_in_here_1,
          chequers_serial_rivers_small_a, grunt_ministairs_5, uniq_ijyb
Sewer:    sewer_kobolds

Skill      XL: |  1  2  3 |
---------------+----------+-----
Stealth        | 2 |  2.0
Dodging        | 2 |  2.3
Fighting       | 1 |  1.1
Spellcasting   | |  2.4
Necromancy     | |  4.8

Action                     || total
---------------------------++-------
  Melee: Hand axe          ||    24
   Cast: Necrotise         ||    76
    Use: Potion            ||     5
         Scroll            ||     3
   Stab: Sleeping          ||     1
 Armour: Robe              ||    47
  Dodge: Dodged            ||    36
  Block: Kite shield       ||     8
